← All builds
Suicide front / Cortex / Economy first / OBSERVED BUILD

Standard suicide front

Cortex Suicide front build order · Supreme Isthmus

The role's baseline: bot lab first, economy expands through the first minutes, and Thugs with Aggravators and Grunts carry the fight to the middle as T2 approaches.

#eco #defence · 458 distinct matches · 86 players · 71% of Cortex Suicide front games · team won 52% of 474 · Recently observed

HOW TO PLAY IT

Key timing: Bot Lab by 0:34

  1. Take 3 mex, then rush a Bot Lab immediately for early army.
  2. Finish Bot Lab, start pumping Thug, Grunt and Aggravator.
  3. Push units to middle to contest and secure reclaim early.
  4. Add Advanced Metal Extractor to keep economy scaling with the fight.
  5. Hold middle with bots until T2 reinforcements arrive from Geo.

Phase by phase

TYPICAL OF ITS 458 GAMES
  1. 1
  2. 2
  3. 3
PLAY THE OPENING

Follow the example game's first 6:00 step by step: what to build now, what comes next, and where it goes. At 1× it keeps pace with your own game.

  1. 1

    Up to the Bot Lab

    Economy
    • Metal Extractor1Mex
    Order
    1. Bot LabBot Lab after 2 mexdone ~0:35, middle half 0:27–0:45

    By 0:18 in all: 1 mex

    The example game in this phase · 2 steps
    1. Mex
    2. Bot LabBot Labdone 0:28 · typical 0:35
  2. 2

    Bot Lab to 5:00

    Economy
    • Metal Extractor4Mex
    • Wind Turbine3Wind
    Builders
    • Graverobber4 Graverobber
    • Construction Bot3 Con bot
    Army
    • Guard3 Guard
    • Thug15 Thug
    • Grunt3 Grunt
    Other
    • Radar Tower1 Radar Tower

    Some games also: aggravator (47%)

    By 5:00 in all: 5 mex · 3 wind

    The example game in this phase · 37 steps
    1. Wind
    2. GruntGrunt
    3. Wind
    4. GruntGrunt ×2
    5. GraverobberGraverobber
    6. Construction BotCon bot ×2
    7. GuardGuard
    8. Construction BotCon bot
    9. Mex ×2
    10. ThugThug ×3
    11. Mex ×2
    12. ThugThug ×3
    13. GuardGuard
    14. Wind
    15. ThugThug
    16. GraverobberGraverobber
    17. Wind
    18. GraverobberGraverobber
    19. ThugThug
    20. Radar TowerRadar Tower
    21. Wind
    22. ThugThug
    23. GuardGuard
    24. ThugThug
    25. GuardGuard
    26. GraverobberGraverobber
    27. Wind
    28. ThugThug ×3
    29. JanusJanus
    30. Wind
    31. ThugThug ×2
    32. GuardGuard
    33. ThugThug
    34. Wind
    35. ThugThug ×2
    36. GraverobberGraverobber
    37. ThugThug
  3. 3

    5:00 to 10:00

    Economy
    • Metal Extractor1Mex
    • Wind Turbine13Wind
    Builders
    • Construction Turret2 Con turret
    • Graverobber2 Graverobber
    • Construction Bot1 Con bot
    Army
    • Guard1 Guard
    • Thug7 Thug
    • Grunt3 Grunt

    Some games also: energy storage (48%) · aggravator (47%) · Radar Tower (41%) · Twin Guard (31%)

    By 10:00 in all: 6 mex · 18 wind · 1 energy storage · 2 con turret

    The example game in this phase · 63 steps
    1. ThugThug ×6
    2. GraverobberGraverobber
    3. ThugThug ×7
    4. GraverobberGraverobber
    5. ThugThug ×3
    6. Mex
    7. ThugThug ×7
    8. Mex
    9. ThugThug
    10. GraverobberGraverobber
    11. ThugThug
    12. PawnPawn
    13. ThugThug ×2
    14. GraverobberGraverobber ×4
    15. ThugThug ×2
    16. RocketeerRocketeer
    17. ThugThug ×2
    18. GraverobberGraverobber
    19. StoutStout
    20. ThugThug
    21. Solar
    22. StoutStout
    23. ThugThug ×2
    24. Construction VehicleCon vehicle
    25. ThugThug
    26. BeamerBeamer
    27. ThugThug ×2
    28. NettleNettle
    29. Con turret
    30. GuardGuard
    31. ThugThug
    32. BeamerBeamer
    33. ThugThug
    34. ThistleThistle
    35. PawnPawn
    36. Con turret
    37. GraverobberGraverobber
    38. ThugThug
    39. Advanced solar
    40. ThugThug
    41. Advanced solar
    42. ThugThug
    43. GuardGuard
    44. Advanced Metal ExtractorT2 mexdone 12:41 · typical 9:46
    45. ThistleThistle
    46. ThugThug
    47. ThistleThistle ×2
    48. ThugThug
    49. Pit BullPit Bull
    50. ThistleThistle
    51. ThugThug
    52. ThistleThistle
    53. ThugThug
    54. ThistleThistle
    55. PawnPawn ×2
    56. NettleNettle
    57. ThugThug ×2
    58. StoutStout
    59. ThugThug ×2
    60. GraverobberGraverobber
    61. ThugThug ×4
    62. CrossbowCrossbow
    63. ThugThug ×3

Counts are medians over the build's games: half of them build more, half fewer. The example game is [BS]Hellzie's (41 OS, 03/10/2026); pick another.

Team trades

IN AT LEAST 30% OF ITS GAMES

You hand over

Nothing regular.

You get

  • Tidal Generator4 Tidal from Pondfirst at 0:11 · in 68% of games
  • Advanced Construction Bot1 T2 con bot from Geo or Techfirst at 7:37 · in 57% of games

How it plays out

Typical game of this build, running totals by minute

Metal produced

010k20k
0:005:0010:0015:00

metal

Enemy metal destroyed

05k10k
0:005:0010:0015:00

metal

Own metal lost

05k10k15k
0:005:0010:0015:00

metal

474 games.

Show as table
ByMetal produced: This buildEnemy metal destroyed: This buildOwn metal lost: This build
1:0030600
2:0096400
3:002072198133
4:003165723636
5:00432816731430
6:00555025952412
7:00674536233531
8:00795045704501
9:00922452395488
10:001046559906304
11:001201765557138
12:001355670147974
13:001518476858753
14:001697884309413
15:0018420906910163
WHAT THE NUMBERS SAY

This is the role's baseline aggressive job, winning half its games while both dealing and taking heavy metal losses fighting at middle.

  • + Fastest Bot Lab of any role (0:34), gets units fighting almost immediately.
  • + Destroys 8805 enemy metal by 15:00 through constant middle pressure.
  • − Loses 10461 own metal by 15:00, more than it destroys.
  • − Metal production lags behind other front role at 18297 by 15:00.
THE EXAMPLE YOU ARE READING

[BS]Hellzie

40.7 OS · 03/10/2026

Open source match ↗

8 received units · includes a constructor
49 metal received · 8713 energy received

Allied construction assistance is unknown. Timings are observations, not a promise of solo reproducibility.

Typical milestones

Bot Lab0:35Middle 50%: 0:27–0:45 · n=470
Advanced Metal Extractor9:46Middle 50%: 8:50–10:57 · n=306

Played most by

_X_64games of this build_Hawkey_51games of this buildXXMACGAMERXX32games of this buildImmort30games of this buildGuiTou25games of this build
Standard suicide front · Cortex Suicide front build order · BAR Build Atlas